| TOP OF THE 1ST |
|
Montgomery Biscuits batting - Pitching for Akron RubberDucks : LHP John Roe
|
|
Pitching: LHP John Roe
|
|
|
Batting: LHB Austin Ohmer
|
0-0: Ball 1-0: SINGLE (Groundball, 34D, EV 103.8 MPH)
|
|
Batting: RHB Steve French
|
0-0: Ball Austin Ohmer steals 2nd base (no throw) 1-0: Ball 2-0: Ground out 1-3 (Groundball, 34S, EV 68.8 MPH) Austin Ohmer to third
|
|
Batting: RHB Wing-kit Bu
|
0-0: SINGLE (Groundball, 6D, EV 102.5 MPH) Austin Ohmer scores
|
|
Batting: SHB Willie Koviak
|
0-0: Called Strike 0-1: Foul Ball, location: 2F 0-2: Ball 1-2: Foul Ball, location: 2F 1-2: Strikes out looking
|
|
Batting: RHB Devin Brown
|
0-0: Ball Wing-kit Bu is caught stealing 2nd base 2-4
|
| Top of the 1st over - 1 run, 2 hits, 0 errors, 0 left on base; Montgomery 1 - Akron 0 |
| BOTTOM OF THE 1ST |
|
Akron RubberDucks batting - Pitching for Montgomery Biscuits : RHP Steve Barrett
|
|
Pitching: RHP Steve Barrett
|
|
|
Batting: SHB Arturo Baez
|
0-0: Called Strike 0-1: Ball 1-1: Called Strike 1-2: Fly out, F4 (Popup, 3D, EV 64.4 MPH)
|
|
Batting: LHB Corey Trevor
|
0-0: Ball 1-0: Ball 2-0: Ball 3-0: Called Strike 3-1: Foul Ball, location: 2F 3-2: Fly out, F8 (Flyball, 8LD, EV 109.4 MPH)
|
|
Batting: RHB Christian Blue
|
0-0: Called Strike 0-1: Ball 1-1: Swinging Strike 1-2: Ground out 4-3 (Groundball, 4M, EV 96.9 MPH)
|
| Bottom of the 1st over - 0 runs, 0 hits, 0 errors, 0 left on base; Montgomery 1 - Akron 0 |
| TOP OF THE 2ND |
|
Montgomery Biscuits batting - Pitching for Akron RubberDucks : LHP John Roe
|
|
Batting: RHB Devin Brown
|
0-0: Called Strike 0-1: DOUBLE (Line Drive, 9LM, EV 108.8 MPH)
|
|
Pinch Runner at 2nd Alfredo Moreno:
|
|
|
Batting: SHB Brett McEwen
|
0-0: Called Strike 0-1: Called Strike 0-2: Ball 1-2: Ball 2-2: Ball 3-2: Foul Ball, location: 2F 3-2: Fly out, F8 (Flyball, 8RS, EV 86.9 MPH)
|
|
Batting: LHB Kevin Kantor
|
0-0: Called Strike 0-1: Foul Ball, location: 2F 0-2: Strikes out looking
|
|
Batting: LHB Davion Lewis
|
0-0: Ball 1-0: Ball 2-0: Foul Ball, location: 2F 2-1: Ball 3-1: Base on Balls
|
|
Batting: LHB David Seminario
|
0-0: Called Strike 0-1: Ball 1-1: DOUBLE (Flyball, 8LXD, EV 105.0 MPH) Alfredo Moreno scores Davion Lewis to third Runner from 3rd tries for Home, SAFE, throw by CF to home
|
|
Batting: LHB Austin Ohmer
|
0-0: Ball 1-0: Called Strike 1-1: Called Strike 1-2: Foul Ball, location: 2F 1-2: Strikes out swinging
|
| Top of the 2nd over - 2 runs, 2 hits, 0 errors, 1 left on base; Montgomery 3 - Akron 0 |
| BOTTOM OF THE 2ND |
|
Akron RubberDucks batting - Pitching for Montgomery Biscuits : RHP Steve Barrett
|
|
Now at SS: Alfredo Moreno
|
|
|
Batting: RHB Mike Plugge
|
0-0: Ball 1-0: Called Strike 1-1: Ball 2-1: Foul Ball, location: 2F 2-2: Foul Ball, location: 2F 2-2: Ball 3-2: Foul Ball, location: 2F 3-2: Fly out, F9 (Flyball, 89D, EV 105.0 MPH)
|
|
Batting: RHB Harris Leroux
|
0-0: Ball 1-0: SINGLE (Groundball, 6MD, EV 91.2 MPH) (infield hit)
|
|
Batting: RHB Greg Harden
|
Pickoff Throw to First - Error! E1 Harris Leroux to second 0-0: Called Strike 0-1: Foul Ball, location: 2F 0-2: Strikes out looking
|
|
Batting: LHB John Dietrich
|
0-0: Called Strike 0-1: Ball 1-1: Foul Ball, location: 2F 1-2: Ball 2-2: Strikes out looking
|
| Bottom of the 2nd over - 0 runs, 1 hit, 1 error, 1 left on base; Montgomery 3 - Akron 0 |
| TOP OF THE 3RD |
|
Montgomery Biscuits batting - Pitching for Akron RubberDucks : LHP John Roe
|
|
Batting: RHB Steve French
|
0-0: Ball 1-0: Ball 2-0: Foul Ball, location: 2F 2-1: Ball 3-1: Called Strike 3-2: Base on Balls
|
|
Batting: RHB Wing-kit Bu
|
0-0: Ball 1-0: Ball 2-0: Ball 3-0: Called Strike 3-1: Swinging Strike 3-2: Fly out, F8 (Line Drive, 8RM, EV 96.9 MPH)
|
|
Batting: SHB Willie Koviak
|
0-0: Swinging Strike 0-1: Foul Ball, location: 2F 0-2: Strikes out looking
|
|
Batting: RHB Alfredo Moreno
|
0-0: Fielders Choice at 2nd, 6-4 (Groundball, 6, EV 101.2 MPH)
|
| Top of the 3rd over - 0 runs, 0 hits, 0 errors, 1 left on base; Montgomery 3 - Akron 0 |
| BOTTOM OF THE 3RD |
|
Akron RubberDucks batting - Pitching for Montgomery Biscuits : RHP Steve Barrett
|
|
Batting: RHB Reynaldo Herrera
|
0-0: Foul Ball, location: 2F 0-1: Foul Ball, location: 2F 0-2: Strikes out swinging
|
|
Batting: RHB Michael Meyers
|
0-0: Called Strike 0-1: Ball 1-1: Foul Ball, location: 2F 1-2: Ball 2-2: Ball 3-2: Ground out 6-3 (Groundball, 6, EV 85.0 MPH)
|
|
Batting: SHB Arturo Baez
|
0-0: Called Strike 0-1: Ball 1-1: Ball 2-1: Ball 3-1: Called Strike 3-2: Foul Ball, location: 2F 3-2: Foul Ball, location: 2F 3-2: Fly out, F8 (Flyball, 8RD, EV 88.8 MPH)
|
| Bottom of the 3rd over - 0 runs, 0 hits, 0 errors, 0 left on base; Montgomery 3 - Akron 0 |
| TOP OF THE 4TH |
|
Montgomery Biscuits batting - Pitching for Akron RubberDucks : LHP John Roe
|
|
Batting: SHB Brett McEwen
|
0-0: Ball 1-0: Foul Ball, location: 2F 1-1: Ball 2-1: Foul Ball, location: 2F 2-2: Ground out 6-3 (Groundball, 6, EV 105.0 MPH)
|
|
Batting: LHB Kevin Kantor
|
0-0: SINGLE (Groundball, 56, EV 99.4 MPH)
|
|
Batting: LHB Davion Lewis
|
0-0: Ball 1-0: Ball 2-0: Called Strike 2-1: Ball 3-1: Fly out, F8 (Flyball, 8LS, EV 83.1 MPH)
|
|
Batting: LHB David Seminario
|
0-0: Called Strike 0-1: Ball 1-1: Ball 2-1: Foul Ball, location: 2F 2-2: Fly out, F8 (Line Drive, 8LM, EV 106.9 MPH)
|
| Top of the 4th over - 0 runs, 1 hit, 0 errors, 1 left on base; Montgomery 3 - Akron 0 |
| BOTTOM OF THE 4TH |
|
Akron RubberDucks batting - Pitching for Montgomery Biscuits : RHP Steve Barrett
|
|
Batting: LHB Corey Trevor
|
0-0: Swinging Strike 0-1: Ball 1-1: Swinging Strike 1-2: Strikes out swinging
|
|
Batting: RHB Christian Blue
|
0-0: Called Strike 0-1: Ball 1-1: Swinging Strike 1-2: Strikes out swinging
|
|
Batting: RHB Mike Plugge
|
0-0: Ground out 4-3 (Groundball, 4, EV 107.5 MPH)
|
| Bottom of the 4th over - 0 runs, 0 hits, 0 errors, 0 left on base; Montgomery 3 - Akron 0 |
| TOP OF THE 5TH |
|
Montgomery Biscuits batting - Pitching for Akron RubberDucks : LHP John Roe
|
|
Batting: LHB Austin Ohmer
|
0-0: Called Strike 0-1: Fly out, F7 (Flyball, 7S, EV 86.9 MPH)
|
|
Batting: RHB Steve French
|
0-0: Called Strike 0-1: Foul Ball, location: 2F 0-2: Foul Ball, location: 2F 0-2: Fly out, F7 (Flyball, 7S, EV 88.1 MPH)
|
|
Batting: RHB Wing-kit Bu
|
0-0: Called Strike 0-1: Swinging Strike 0-2: DOUBLE (Line Drive, 8RXD, EV 102.5 MPH)
|
|
Batting: SHB Willie Koviak
|
0-0: Ball 1-0: Swinging Strike 1-1: Ball 2-1: Foul Ball, location: 2F 2-2: Foul Ball, location: 2F 2-2: Ball 3-2: Foul Ball, location: 2F 3-2: Base on Balls
|
|
Pitching: RHP Jay Cowgill
|
|
|
Batting: RHB Alfredo Moreno
|
0-0: Ball 1-0: Foul Ball, location: 2F 1-1: Ball 2-1: Called Strike Wing-kit Bu steals 3rd base 2-2: 3-RUN HOME RUN (Flyball, 78XD, EV 96.2 MPH), Distance : 392 ft
|
|
Batting: SHB Brett McEwen
|
0-0: Reached on error, E5 (Groundball, 56, EV 88.8 MPH)
|
|
Batting: LHB Kevin Kantor
|
0-0: Ball 1-0: Called Strike 1-1: Ball 2-1: Swinging Strike 2-2: SINGLE (Groundball, 34D, EV 100.0 MPH) Brett McEwen to third Runner from 3rd tries for Home, SAFE, throw by RF to home
|
|
Batting: LHB Davion Lewis
|
0-0: Called Strike 0-1: Ball 1-1: Fly out, F7 (Line Drive, 7D, EV 93.1 MPH)
|
| Top of the 5th over - 4 runs, 3 hits, 1 error, 1 left on base; Montgomery 7 - Akron 0 |
| BOTTOM OF THE 5TH |
|
Akron RubberDucks batting - Pitching for Montgomery Biscuits : RHP Steve Barrett
|
|
Batting: RHB Harris Leroux
|
0-0: Ground out 6-3 (Groundball, 6, EV 101.2 MPH)
|
|
Batting: RHB Greg Harden
|
0-0: Foul Ball, location: 2F 0-1: Called Strike 0-2: Ball 1-2: Ball 2-2: Ball 3-2: Ground out 6-3 (Groundball, 6, EV 88.1 MPH)
|
|
Batting: LHB John Dietrich
|
0-0: Called Strike 0-1: Ball 1-1: Ball 2-1: Swinging Strike 2-2: Ball 3-2: Strikes out looking
|
| Bottom of the 5th over - 0 runs, 0 hits, 0 errors, 0 left on base; Montgomery 7 - Akron 0 |
| TOP OF THE 6TH |
|
Montgomery Biscuits batting - Pitching for Akron RubberDucks : RHP Jay Cowgill
|
|
Batting: LHB David Seminario
|
0-0: Ball 1-0: Called Strike 1-1: Called Strike 1-2: DOUBLE (Line Drive, 3D, EV 95.6 MPH)
|
|
Batting: LHB Austin Ohmer
|
0-0: Called Strike 0-1: Ball 1-1: Ball 2-1: Swinging Strike 2-2: Foul Ball, location: 2F 2-2: Strikes out swinging
|
|
Pitching: RHP Nelson Peregrina
|
|
|
Batting: RHB Steve French
|
0-0: Ball 1-0: Ball 2-0: Ball 3-0: Called Strike 3-1: Base on Balls
|
|
Batting: RHB Wing-kit Bu
|
0-0: Foul Ball, location: 2F 0-1: Foul Ball, location: 2F 0-2: Strikes out looking
|
|
Batting: SHB Willie Koviak
|
0-0: Fielders Choice at 2nd, 6-4 (Groundball, 6, EV 91.9 MPH)
|
| Top of the 6th over - 0 runs, 1 hit, 0 errors, 2 left on base; Montgomery 7 - Akron 0 |
| BOTTOM OF THE 6TH |
|
Akron RubberDucks batting - Pitching for Montgomery Biscuits : RHP Steve Barrett
|
|
Batting: RHB Reynaldo Herrera
|
0-0: DOUBLE (Line Drive, 9LS, EV 98.1 MPH)
|
|
Batting: RHB Michael Meyers
|
0-0: Ball 1-0: Swinging Strike 1-1: Ball 2-1: Swinging Strike 2-2: Ground out 6-3 (Groundball, 56, EV 80.0 MPH)
|
|
Batting: SHB Arturo Baez
|
0-0: Ball 1-0: Ground out 4-3 (Groundball, 4MS, EV 79.4 MPH) Reynaldo Herrera to third
|
|
Batting: LHB Corey Trevor
|
0-0: Ball 1-0: Ball 2-0: Swinging Strike 2-1: Called Strike 2-2: Ball 3-2: Foul Ball, location: 2F 3-2: Strikes out swinging
|
| Bottom of the 6th over - 0 runs, 1 hit, 0 errors, 1 left on base; Montgomery 7 - Akron 0 |
| TOP OF THE 7TH |
|
Montgomery Biscuits batting - Pitching for Akron RubberDucks : RHP Nelson Peregrina
|
|
Batting: RHB Alfredo Moreno
|
0-0: Ground out 5-3 (Groundball, 56, EV 103.1 MPH)
|
|
Batting: SHB Brett McEwen
|
0-0: Ball 1-0: Foul Ball, location: 2F 1-1: Ground out 4-3 (Groundball, 34, EV 108.1 MPH)
|
|
Batting: LHB Kevin Kantor
|
0-0: Ball 1-0: Called Strike 1-1: Called Strike 1-2: Ball 2-2: SOLO HOME RUN (Flyball, 9D, EV 98.1 MPH), Distance : 377 ft
|
|
Pinch Hitting: RHB Cal Winters
|
0-0: Called Strike 0-1: Swinging Strike 0-2: Ground out 4-3 (Groundball, 4S, EV 73.1 MPH)
|
| Top of the 7th over - 1 run, 1 hit, 0 errors, 0 left on base; Montgomery 8 - Akron 0 |
| BOTTOM OF THE 7TH |
|
Akron RubberDucks batting - Pitching for Montgomery Biscuits : RHP Steve Barrett
|
|
Now in LF: Cal Winters
|
|
|
Batting: RHB Christian Blue
|
0-0: Ball 1-0: Ball 2-0: Ball 3-0: Base on Balls
|
|
Batting: RHB Mike Plugge
|
0-0: 2-RUN HOME RUN (Flyball, 7D, EV 97.5 MPH), Distance : 362 ft
|
|
Batting: RHB Harris Leroux
|
0-0: Foul Ball, location: 2F 0-1: Ball 1-1: Ball 2-1: Ball 3-1: Swinging Strike 3-2: Foul Ball, location: 2F 3-2: Ground out 4-3 (Groundball, 4MS, EV 78.8 MPH)
|
|
Batting: RHB Greg Harden
|
0-0: Foul Ball, location: 2F 0-1: Ball 1-1: Swinging Strike 1-2: Ball 2-2: Ball 3-2: Ground out 6-3 (Groundball, 6, EV 102.5 MPH)
|
|
Batting: LHB John Dietrich
|
0-0: Called Strike 0-1: Ball 1-1: Ball 2-1: Ball 3-1: Ground out 5-3 (Groundball, 15, EV 91.9 MPH)
|
| Bottom of the 7th over - 2 runs, 1 hit, 0 errors, 0 left on base; Montgomery 8 - Akron 2 |
| TOP OF THE 8TH |
|
Montgomery Biscuits batting - Pitching for Akron RubberDucks : RHP Nelson Peregrina
|
|
Batting: LHB David Seminario
|
0-0: Ball 1-0: Swinging Strike 1-1: Foul Ball, location: 2F 1-2: Ball 2-2: Ball 3-2: Strikes out swinging
|
|
Batting: LHB Austin Ohmer
|
0-0: Called Strike 0-1: DOUBLE (Groundball, 3L, EV 103.1 MPH)
|
|
Batting: RHB Steve French
|
0-0: Ball 1-0: Called Strike 1-1: Ball 2-1: Ball 3-1: Swinging Strike 3-2: Ground out 6-3 (Groundball, 6, EV 96.2 MPH)
|
|
Batting: RHB Wing-kit Bu
|
0-0: Called Strike 0-1: Called Strike 0-2: Ball 1-2: Strikes out looking
|
| Top of the 8th over - 0 runs, 1 hit, 0 errors, 1 left on base; Montgomery 8 - Akron 2 |
| BOTTOM OF THE 8TH |
|
Akron RubberDucks batting - Pitching for Montgomery Biscuits : RHP Steve Barrett
|
|
Pitching: RHP Francisco Reyes
|
|
|
Batting: RHB Reynaldo Herrera
|
0-0: Ball 1-0: DOUBLE (Line Drive, 7LS, EV 106.9 MPH)
|
|
Batting: RHB Michael Meyers
|
0-0: Called Strike 0-1: Ball 1-1: SINGLE (Groundball, 6D, EV 100.6 MPH) Reynaldo Herrera to third
|
|
Batting: SHB Arturo Baez
|
0-0: Fielders Choice at 2nd, 4-6 (Groundball, 4S, EV 86.2 MPH) Reynaldo Herrera scores
|
|
Batting: LHB Corey Trevor
|
0-0: Ball 1-0: Called Strike 1-1: Ball 2-1: Foul Ball, location: 2F 2-2: Ball 3-2: Strikes out looking
|
|
Batting: RHB Christian Blue
|
0-0: SINGLE (Line Drive, 56, EV 98.1 MPH) Arturo Baez to second
|
|
Batting: RHB Mike Plugge
|
0-0: Swinging Strike 0-1: Ball 1-1: Ball 2-1: Ball 3-1: Base on Balls Arturo Baez to third Christian Blue to second
|
|
Batting: RHB Harris Leroux
|
0-0: Ball 1-0: Ball 2-0: Foul Ball, location: 2F 2-1: Foul Ball, location: 2F 2-2: Ball 3-2: Fly out, F9 (Flyball, 9LM, EV 88.1 MPH)
|
| Bottom of the 8th over - 1 run, 3 hits, 0 errors, 3 left on base; Montgomery 8 - Akron 3 |
| TOP OF THE 9TH |
|
Montgomery Biscuits batting - Pitching for Akron RubberDucks : RHP Nelson Peregrina
|
|
Batting: SHB Willie Koviak
|
0-0: Ball 1-0: Fly out, F8 (Flyball, 8LD, EV 94.4 MPH)
|
|
Batting: RHB Alfredo Moreno
|
0-0: Ground out 6-3 (Groundball, 6, EV 85.6 MPH)
|
|
Pitching: RHP Corey Rizzuto
|
|
|
Batting: SHB Brett McEwen
|
0-0: Called Strike 0-1: Foul Ball, location: 2F 0-2: Ball 1-2: Foul Ball, location: 2F 1-2: Ground out U3 (Groundball, 3, EV 76.9 MPH)
|
| Top of the 9th over - 0 runs, 0 hits, 0 errors, 0 left on base; Montgomery 8 - Akron 3 |
| BOTTOM OF THE 9TH |
|
Akron RubberDucks batting - Pitching for Montgomery Biscuits : RHP Francisco Reyes
|
|
Batting: RHB Greg Harden
|
0-0: Called Strike 0-1: Foul Ball, location: 2F 0-2: Ball 1-2: Fly out, F8 (Flyball, 8LM, EV 83.8 MPH)
|
|
Batting: LHB John Dietrich
|
0-0: Called Strike 0-1: Foul Ball, location: 2F 0-2: Strikes out swinging
|
|
Batting: RHB Reynaldo Herrera
|
0-0: Ball 1-0: Called Strike 1-1: Ball 2-1: Called Strike 2-2: Ball 3-2: Base on Balls
|
|
Batting: RHB Michael Meyers
|
0-0: DOUBLE (Line Drive, 7LM, EV 108.8 MPH) Reynaldo Herrera to third
|
|
Batting: SHB Arturo Baez
|
0-0: Ball 1-0: Called Strike 1-1: Foul Ball, location: 2F 1-2: Foul Ball, location: 2F 1-2: SINGLE (Line Drive, 5D, EV 96.9 MPH) Reynaldo Herrera scores Michael Meyers to third
|
|
Pitching: LHP Sam Wesman
|
|
|
Batting: LHB Corey Trevor
|
0-0: Swinging Strike 0-1: Called Strike 0-2: Strikes out swinging
|
| Bottom of the 9th over - 1 run, 2 hits, 0 errors, 2 left on base; Montgomery 8 - Akron 4 |
|